 Dungeon Crawl Stone Soup version 0.27.1-34-g3ba077fa99 (webtiles) character file.

Game seed: 1149781078010031806

9 Descartes the Grasshopper (level 2, -1/13 HPs)
             Began as a Felid Warper on Jan 22, 2022.
             Slain by a kobold (5 damage)
             ... on level 1 of the Dungeon.
             The game lasted 00:01:56 (275 turns).

Descartes the Grasshopper (Felid Warper)             Turns: 275, Time: 00:01:57

Health: -1/13      AC:  1    Str:  7    XL:     2   Next: 6%
Magic:  6/6        EV: 17    Int: 20    God:
Gold:   0          SH:  0    Dex: 15    Spells: 5/5 levels left
                                        Lives:  0   Deaths: 0

rFire    . . .     SeeInvis +     - Unarmed
rCold    . . .     Faith    .   (shield unavailable)
rNeg     . . .     Spirit   .   (armour unavailable)
rPois    .         Reflect  .   (helmet unavailable)
rElec    .         Harm     .   (cloak unavailable)
rCorr    .         Rampage  .   (gloves unavailable)
Will     .....                  (boots unavailable)
Stlth    +.........             (no amulet)
HPRegen  0.04/turn              c - +6 ring of intelligence
MPRegen  0.10/turn              (no ring)

@: quick
A: very small, claws 1, fangs 3, see invisible, speed 1, shaggy fur 1, stealthy
paws, no weapons or thrown items, no armour, multi-lived
a: no special abilities


You were on level 1 of the Dungeon.
You visited 1 branch of the dungeon, and saw 2 of its levels.

Inventory:

Jewellery
 c - a +6 ring of intelligence (left paw)
Scrolls
 a - 2 scrolls of blinking
 b - a scroll of identify {unknown}


   Skills:
 - Level 2.0 Fighting
 + Level 3.3 Dodging
 + Level 0.1 Stealth
 + Level 2.2 Unarmed Combat
 - Level 2.0 Spellcasting
 + Level 4.9 Translocations


You had 5 spell levels left.
You didn't know any spells.
Your spell library contained the following spells:

 Spells                   Type           Power      Damage    Failure   Level
 Blink                    Tloc           N/A        N/A       3%          2
 Gell's Gravitas          Tloc           10%        N/A       6%          3
 Lesser Beckoning         Tloc           10%        N/A       6%          3
 Teleport Other           Tloc           21%        N/A       6%          3
 Manifold Assault         Tloc           21%        N/A       52%         5


Dungeon Overview and Level Annotations

Branches:
Dungeon (2/15)

Altars:
Okawaru

Shops:
D:2 =


Innate Abilities, Weirdness & Mutations

You have sharp claws.
You have razor-sharp teeth.
You have supernaturally acute eyesight. (SInv)
You cover ground quickly. (Speed+)
You are covered in fur. (AC +1)
Your paws help you pounce on unaware monsters.
You are incapable of wielding weapons or throwing items.
You cannot wear armour.
You gain extra lives every three experience levels.


Message History

There is a stone staircase leading down here.
The kobold completely misses you. The kobold misses you.
You scratch the goblin but do no damage.
The goblin barely misses you.
You scratch the goblin.
You kill the goblin!
You barely miss the quokka. The quokka bites you.
* * * LOW HITPOINT WARNING * * *
Found a scroll labelled EREBUOZXAN.
The quokka twitches its whiskers.
Found a scroll labelled AZOHUJ LAZEOGH.
Found a stone staircase leading down.
A kobold comes into view. It is wielding a +0 short sword.
Found 22 stones.
The kobold closely misses you.
You scratch the kobold.
The kobold is moderately wounded.
The kobold closely misses you. The kobold closely misses you.
Found 8 gold pieces.
A kobold comes into view. It is wielding a +0 short sword.
The quokka twitches its whiskers.
The quokka misses you.
There is a shaft here.
The quokka falls through a shaft!
The shaft crumbles and collapses.
Found 12 gold pieces.
Found 6 gold pieces.
A kobold is nearby!
You closely miss the kobold. The kobold barely misses you.
You closely miss the kobold. You claw the kobold. Your bite misses the kobold.
The kobold is moderately wounded.
The kobold completely misses you.
You closely miss the kobold.
The kobold is moderately wounded.
The kobold misses you.
You scratch the kobold but do no damage.
The kobold is moderately wounded.
The kobold hits you with a +0 short sword.
You die...

...............#
.........#.##.###
#####.#..#.##.###
#.#.##......#
#.#.....#.###
#.#.##..#.#
.........$# #######
........######.......
###.###..K@..........
#. ############### #


You could see a kobold.

Vanquished Creatures
  A dart slug (D:2)
  An endoplasm (D:1)
  A giant cockroach (D:2)
  A goblin (D:1)
  A bat (D:2)
  A frilled lizard (D:2)
  2 rats
8 creatures vanquished.

Notes
Turn   | Place    | Note
-------+----------+-------------------------------------------
     0 | D:1      | Descartes the Felid Warper began the quest for the Orb.
     0 | D:1      | Reached XP level 1. HP: 9/9 MP: 4/4
    43 | D:1      | You fall into a shaft and drop 1 floor!
    53 | D:2      | Found an iron altar of Okawaru.
    90 | D:2      | Found Hiret's Jewellery Shop.
   150 | D:2      | Reached XP level 2. HP: 13/13 MP: 6/6
   275 | D:1      | Slain by a kobold

Illustrated notes

Levels and vault maps discovered:
D:1:      ebering_trefoil_twist, layout_basic,
          hellmonk_ecumenical_altar_zigzags, minivault_24,
          chequers_serial_rivers_micro_b, minmay_fountain_box,
          minmay_pentomino_u2
D:2:      layout_basic, serial_shops, shop, basic_altar, hangedman_decor_points

Action                   || total
-------------------------++-------
Melee: Unarmed           ||    38
       Bite              ||     3
       Punch             ||     1
 Stab: Sleeping          ||     1
Armor: Skin              ||     7
Dodge: Dodged            ||    39
